[Event "Sautron Loire Masters 1st"]
[Site "Sautron"]
[Date "2012.11.01"]
[Round "7"]
[White "Ivanov, Jordan"]
[Black "Shishkin, Vadim"]
[Result "1/2-1/2"]
[ECO "D99"]
[WhiteElo "2374"]
[BlackElo "2496"]
[Annotator "Stohl/Primel,D"]
[PlyCount "56"]
[EventDate "2012.10.27"]
[EventType "tourn"]
[EventRounds "9"]
[EventCountry "FRA"]
[EventCategory "4"]
[SourceTitle "EXT 2014"]
[Source "ChessBase"]
[SourceDate "2013.11.20"]
[SourceVersion "1"]
[SourceVersionDate "2013.11.20"]
[SourceQuality "1"]
[TimeControl "40/5400+30:1800+30"]
[WhiteClock "1:30:00"]
[BlackClock "1:30:00"]

1. Nf3 Nf6 2. c4 g6 3. Nc3 d5 4. cxd5 Nxd5 5. Qb3 {[%emt 0:00:26] La ligne critique depuis
quelques années} (5. e4) (5. Qa4+) (5. Qc2 $5 {Une idée récente}) 5... Nb6 6. d4 Bg7 7. e4 (7. Bg5) (7. Bf4) 7... Bg4 $1 (7... O-O 8. Be3
Bg4 9. Rd1 $14 ) 8. Be3 O-O (
8... Bxf3 9. gxf3 Bxd4 10. O-O-O $44 {Fressinet,L (2707)-So,W (2673) Tata
Steel-B 73rd 2011 (6) 0-1}) 9. O-O-O (9. Rd1 ) 9... e6 (9... Nc6 10. d5
Ne5 11. h3 $1 Bxf3 12. gxf3 Nxf3 13. Be2 Ne5 14. f4 Ned7 15. h4 h5 16. Rhg1 Kh7 17. e5 $36 ) 10. Ne2 {[%emt 0:07:
11][%csl Gd4,Rf1] Renforce le centre mais au détriment du développement et les
Noirs sont proches de l'égalité.} Nc6 $6 11. h3 $6 {[%emt 0:
02:18] Trop lent} (11. Ne5 $1 Bxe2 12. Bxe2 $14 {[%csl Gd4,Ge4] Stohl}) 11...
Bxf3 (11... Na5) 12. gxf3 Na5 $1 13. Qc2 Nac4 $132 14. h4 Nxe3 (14... c5 $1 15.
dxc5 (15. Kb1 Rc8 (15... cxd4 16. Nxd4 Rc8 $132 )) 15... Bxb2+
16. Qxb2 Qxd1+ $1) 15. fxe3 Qe7 16. Nc3 Rfd8 (16... c5 {Plus dynamique} 17. f4 cxd4
18. exd4 Rac8 $132 19. Kb1 Nc4 20. Bxc4 Rxc4 21.
h5 Rxd4 22. Rxd4 Bxd4 23. Ne2 Bg7 24. hxg6 hxg6) 17. f4 (17.
h5 c5 18. hxg6 hxg6) 17... c5 18. e5 $1 {[%emt 0:06:36] Le
Bg7 est trés fort et il est logique de vouloir l'enfermer} cxd4 19. exd4 Rac8 $14 20. Kb1 Qb4 21. a3 Qa5 22. Qb3 (22. h5 Nd5 ) 22... Rd7 23. h5 Rcd8 24. hxg6 (24.
Nb5 a6 25. Nd6 Qd5 26. Qh3 Rxd6 $1) 24...
hxg6 25. Nb5 a6 26. Nd6 Rxd6 $1 27. exd6 Rxd6 $44 28. Bg2 Qf5+ 1/2-1/2